 Dungeon Crawl Stone Soup version 0.30-a0-1035-g38d5fb2972 (webtiles) character file.

Game seed: 6908825795061860441

34 cdice the Poker (level 3, 0/37 HPs)
             Began as an Ogre Reaver on Apr 9, 2023.
             Slain by a rat (3 damage)
             ... on level 1 of the Dungeon.
             The game lasted 00:01:10 (646 turns).

cdice the Poker (Ogre Reaver)                        Turns: 646, Time: 00:01:11

Health: 0/37       AC:  3    Str: 18    XL:     3   Next: 31%
Magic:  7/7        EV:  9    Int: 14    God:
Gold:   63         SH:  0    Dex:  7    Spells: 6/7 levels left

rFire   . . .      SeeInvis .    a - +0 spear
rCold   . . .      Faith    .    (no shield)
rNeg    . . .      Spirit   .    b - +0 robe
rPois   .          Reflect  .    (helmet restricted)
rElec   .          Rampage  .    (no cloak)
rCorr   .                        (gloves unavailable)
Will    .....                    (boots unavailable)
Stlth   +                        (no amulet)
HPRegen 0.26/turn                (no ring)
MPRegen 0.10/turn                (no ring)

@: no status effects
A: large, unfitting armour, tough skin 1
a: no special abilities


You were on level 1 of the Dungeon.
You visited 1 branch of the dungeon, and saw 1 of its levels.

You collected 63 gold pieces.

Inventory:

Hand Weapons
 a - a +0 spear (weapon)
 h - a +2 antimagic spear
Armour
 b - a +0 robe (worn)
Scrolls
 c - a scroll of enchant weapon {unknown}
 d - 2 scrolls of fear {unknown}
 f - a scroll of acquirement {unknown}
Potions
 e - a potion of berserk rage {unknown}
 g - a potion of curing {unknown}


   Skills:
 * Level 3.1 Fighting
 + Level 3.5 Polearms
 + Level 1.9 Dodging
 * Level 2.9 Spellcasting
 + Level 2.9 Conjurations


You had 6 spell levels left.
You knew the following spells:

 Your Spells              Type           Power      Damage    Failure   Level
a - Kiss of Death         Conj/Necr      24%        2d7       12%         1

Your spell library contained the following spells:

 Spells                   Type           Power      Damage    Failure   Level
 Momentum Strike          Conj/Tloc      12%        3d8       19%         2
 Hailstorm                Conj/Ice       6%         3d4       34%         3


Dungeon Overview and Level Annotations

Branches:
Dungeon (1/15)

Altars:


Innate Abilities, Weirdness & Mutations

You are too large for most types of armour.
You have tough skin. (AC +1)


Message History

A rat comes into view.
The jackal bites you. The rat bites you but does no damage.
The jackal bites you. The jackal closely misses you.
You hit the rat.
You kill the rat!
The jackal barely misses you. The jackal closely misses you.
You barely miss the jackal. The jackal bites you.
* * * LOW HITPOINT WARNING * * *
The jackal closely misses you.
You hit the jackal but do no damage.
The jackal bites you but does no damage.
The jackal bites you.
* * * LOW HITPOINT WARNING * * *
The jackal barely misses you. The jackal bites you.
* * * LOW HITPOINT WARNING * * *
You barely miss the jackal.
The jackal bites you but does no damage.
The jackal bites you.
* * * LOW HITPOINT WARNING * * *
You hit the jackal.
The jackal is severely wounded.
The jackal barely misses you.
The jackal bites you but does no damage.
You barely miss the jackal.
The jackal is severely wounded.
The jackal bites you but does no damage. x2
The rat bites you.
* * * LOW HITPOINT WARNING * * *
The jackal barely misses you. x2
You hit the jackal.
You kill the jackal!
The rat bites you.
* * * LOW HITPOINT WARNING * * *
The jackal bites you but does no damage.
You closely miss the jackal.
The jackal bites you but does no damage.
The rat bites you but does no damage.
You hit the jackal but do no damage. The jackal closely misses you.
The rat bites you.
You die...

##.......# .........#
...## .......... ...8
....####..#### ...#
.####...[....# ...#
.####........# ...##
†............###
...8#
#######........##r..#
# #........)@...# #
#........h†#### #
#####........$##
(...............#
#######.....>...#
.....)..........#
.######.........# ##
########### ###


You could see a jackal and a rat.

Vanquished Creatures
  A gnoll (D:1)
  A bat (D:1)
  3 endoplasms (D:1)
  4 goblins (D:1)
  3 hobgoblins (D:1)
  3 jackals (D:1)
  A ball python (D:1)
  3 kobolds (D:1)
  3 rats (D:1)
22 creatures vanquished.

Notes
Turn   | Place    | Note
-------+----------+-------------------------------------------
     0 | D:1      | cdice the Ogre Reaver began the quest for the Orb.
     0 | D:1      | Reached XP level 1. HP: 22/22 MP: 3/3
   118 | D:1      | Reached XP level 2. HP: 24/29 MP: 5/5
   571 | D:1      | Reached XP level 3. HP: 37/37 MP: 7/7
   646 | D:1      | Slain by a rat

Illustrated notes

Levels and vault maps discovered:
D:1:      lightli_arrival_farm, layout_rooms, corexii_hall_statues_x

Skill      XL: |  1  2 |
---------------+-------+-----
Fighting       | 3 |  3.1
Polearms       | |  3.5
Dodging        | |  1.9
Spellcasting   | |  2.9
Conjurations   | |  2.9

Action                     || total
---------------------------++-------
  Melee: Spear             ||    83
         Punch             ||     1
 Armour: Robe              ||    29
  Dodge: Dodged            ||    56

Table legend: (Time is in decaauts)
 A = Elapsed time spent in this place.
 B = Non-inter-level travel time spent in this place.
 C = Inter-level travel time spent in this place.
 D = Time resting spent in this place.
 E = Time spent auto-exploring this place.
 F = Levels seen in this place.
 G = Mean time per level.
                   A        B        C        D        E       F      G
               +--------+--------+--------+--------+--------+-----+--------+
         Total |    641 |    641 |      0 |    293 |    220 |   1 |  641.0 |
       Dungeon |    641 |    641 |      0 |    293 |    220 |   1 |  641.0 |
               +--------+--------+--------+--------+--------+-----+--------+

Top non-repeatable levels by time:
     D:1: 641 daAuts
